 Dungeon Crawl Stone Soup version 0.18-a0-1343-g48c8f86 (webtiles) character file.

344 M4edhros the Insei (level 6, -5/47 HPs)
             Began as a Mummy Monk on Feb 16, 2016.
             Slain by a scorpion (6 damage)
             ... on level 3 of the Dungeon.
             The game lasted 00:06:25 (5862 turns).

M4edhros the Insei (Mummy Monk)                     Turns: 5862, Time: 00:06:26

Health: -5/47      AC:  1    Str: 14    XL:     6   Next: 31%
Magic:  6/6        EV: 13    Int: 10    God:
Gold:   313        SH:  0    Dex: 16    Spells: 0 memorised, 5 levels left

rFire  x . .     SeeInvis .       - Unarmed
rCold  + . .     Gourm    .     (no armour)
rNeg   + + +     Faith    .     (no shield)
rPois  ∞         Spirit   .     (no helmet)
rElec  .         Dismiss  .     l - +0 cloak
rCorr  .         Reflect  .     (no gloves)
SustAt .         Harm     .     (no boots)
MR     .....                    (no amulet)
Stlth  +++.......               (no ring)
                                (no ring)

@: not resistant to hostile enchantments, fairly stealthy
A: no food or potions, fire vulnerability, cold resistance 1, negative energy
resistance 3, torment resistance, unbreathing
a: no special abilities


You were on level 3 of the Dungeon.
You were not hungry.

You visited 1 branch of the dungeon, and saw 4 of its levels.

You collected 313 gold pieces.

Inventory:

Armour
 l - a +0 cloak (worn)
Jewellery
 j - an uncursed ring of teleportation
Scrolls
 a - 2 scrolls of teleportation {unknown}
 b - 2 scrolls of magic mapping
 c - 3 scrolls of remove curse
 d - a scroll of enchant armour {unknown}
 e - a scroll of noise {unknown}
 f - a scroll of immolation {unknown}
 g - a scroll of blinking
 h - a scroll of amnesia
 i - a scroll of fear
 k - 4 scrolls of enchant weapon


   Skills:
 - Level 3.0 Fighting
 - Level 2.4 Dodging
 + Level 4.0 Stealth
 + Level 5.3 Unarmed Combat


You had 5 spell levels left.
You didn't know any spells.

Dungeon Overview and Level Annotations

Branches:
Dungeon (4/15)
 Temple: D:4-7

Altars:
Dithmenos
Elyvilon
Nemelex Xobeh
Okawaru
Pakellas
Qazlal
Ru
Trog
Vehumet
Xom


Innate Abilities, Weirdness & Mutations

You do not eat or drink.
Your flesh is vulnerable to fire.
You are immune to poison.
Your flesh is cold resistant.
You are immune to negative energy.
You are immune to unholy pain and torment.
You can survive without breathing.


Message History

The scorpion is moderately wounded.
The scorpion misses you.
You hit the scorpion but do no damage.
The scorpion is moderately wounded.
The scorpion barely misses you.
You hit the scorpion but do no damage.
The scorpion is moderately wounded.
The scorpion barely misses you.
You barely miss the scorpion.
The scorpion is moderately wounded.
The scorpion barely misses you.
You hit the scorpion.
The scorpion is moderately wounded.
The scorpion stings you!
* * * LOW HITPOINT WARNING * * *
You are too injured to fight recklessly!
The scorpion stings you!
* * * LOW HITPOINT WARNING * * *
The scorpion stings you.
You die...

#_#.###_## #..#.# #...###.###
#.#.#.#.8## ##.#.# ##### #.#
..........####'#.# ####'##
.................# #.....#
#.#.#.#.8##......######.....#
#.#_#⌠#.###......##^........#
######### #......##....###.##
#......##....###.# ######
#....s@.'....'...# #....#
#.....###....##### ###....#
#.....# #....# .......#
#.....# #....# ###....#
####### ###### #....# #....#
#....# ##'###


You could see a scorpion.

Vanquished Creatures
  An ogre (D:4)
  An iguana (D:4)
  3 worker ants (D:4)
  3 gnolls (D:2)
  4 adders
  An ooze (D:2)
  4 worms
  2 giant geckos
  3 orcs
  7 giant cockroaches
  7 goblins
  9 hobgoblins
  3 jackals
  7 kobolds
  A quokka (D:2)
  A ball python (D:4)
  7 bats
  3 giant newts
  A quokka skeleton (D:4)
  6 rats
74 creatures vanquished.

Vanquished Creatures (others)
  4 fungi (D:2)
4 creatures vanquished.

Grand Total: 78 creatures vanquished

Notes
Turn   | Place    | Note
--------------------------------------------------------------
     0 | D:1      | M4edhros the Mummy Monk began the quest for the Orb.
     0 | D:1      | Reached XP level 1. HP: 18/18 MP: 1/1
   585 | D:1      | Reached XP level 2. HP: 17/24 MP: 2/2
  1209 | D:2      | Reached skill level 4 in Unarmed Combat
  1209 | D:2      | Reached XP level 3. HP: 14/29 MP: 3/3
  1398 | D:2      | Found a stormy altar of Qazlal.
  1451 | D:2      | Found a faded altar to an unknown god.
  2440 | D:2      | Reached XP level 4. HP: 8/35 MP: 4/4
  3390 | D:2      | Found a shimmering altar of Xom.
  4188 | D:3      | Reached XP level 5. HP: 37/41 MP: 5/5
  4219 | D:3      | Found a sacrificial altar of Ru.
  4228 | D:3      | Found a bloodstained altar of Trog.
  4228 | D:3      | Found a white marble altar of Elyvilon.
  4228 | D:3      | Found a radiant altar of Vehumet.
  4230 | D:3      | Found an iron altar of Okawaru.
  4231 | D:3      | Found an oddly glowing altar of Pakellas.
  4235 | D:3      | Found a sparkling altar of Nemelex Xobeh.
  4261 | D:3      | Found a shadowy altar of Dithmenos.
  4972 | D:4      | Noticed an ogre
  5133 | D:4      | Noticed an ogre
  5145 | D:4      | Killed an ogre
  5145 | D:4      | Reached skill level 5 in Unarmed Combat
  5145 | D:4      | Reached XP level 6. HP: 35/47 MP: 6/6
  5674 | D:4      | Noticed an ice beast
  5858 | D:3      | HP: 1/47 [scorpion (7)]
  5862 | D:3      | Slain by a scorpion

Vault maps used:
D:1:      minmay_arrival_three_doors, minmay_misc_feat_more_columns
D:2:      lemuel_round_altar, first_bread, ecumenical_altar_2,
          minmay_gold_behind_fungi, grunt_ministairs_11,
          nicolae_qazlal_general_emergency
D:3:      minitemple, grunt_dithmenos_smoke
D:4:      st_stairs_13, johnstein_pakellas_shop

Action                   |  1- 3 |  4- 6 || total
-------------------------+-------+-------++-------
Melee: Unarmed           |   148 |   221 ||   369
  Use: Scroll            |       |     6 ||     6
 Stab: Sleeping          |     1 |     9 ||    10
